[Event "ESTCC 65 2019"]
[Site "Mali Losinj"]
[Date "2019.09.24"]
[Round "7.22"]
[White "Becker, Norbert"]
[Black "Patola, Eero"]
[Result "1-0"]
[ECO "B42"]
[WhiteElo "2131"]
[BlackElo "1798"]
[Annotator "NA"]
[PlyCount "63"]
[EventDate "2019.09.18"]
[EventType "team-tourn"]
[EventCountry "CRO"]
[SourceTitle "playchess.com"]
[Source "ChessBase"]
[SourceQuality "1"]
[WhiteTeam "Germany"]
[BlackTeam "Finland"]
[WhiteTeamCountry "GER"]
[BlackTeamCountry "FIN"]
[TimeControl "40/5400+30:1800+30"]

1. e4 c5 2. Nf3 e6 3. b3 a6 4. Bb2 d6 5. d4 cxd4 6. Nxd4 Nf6 7. Bd3 Be7 8. O-O O-O 9. c4 Nc6 10. Nxc6 bxc6 11. Qe2 c5 12. Rd1 e5 13. Nc3 Bg4 14. f3 Be6 15. Bc2 Qc8 16. Bc1 Rd8 17. Be3 h6 18. Rd2 Qc7 19. Rad1 Qa5 20. Qd3 g5 21. Bb1 Kg7 22. Kh1 Rh8 23. g3 Rag8 24. Nd5 Nxd5 25. exd5 Bd7 26. f4 f6 27. fxe5 dxe5 28. Rf2 f5 29. Rxf5 Bxf5 30. Qxf5 Qb6 31. d6 Bxd6 32. Qd7+ 1-0

[Event "ESTCC 65 2019"]
[Site "Mali Losinj"]
[Date "2019.09.24"]
[Round "7.23"]
[White "Virtanen, Esko"]
[Black "Mueller, Gerhard"]
[Result "1/2-1/2"]
[ECO "D02"]
[WhiteElo "1771"]
[BlackElo "2104"]
[Annotator "NA"]
[PlyCount "65"]
[EventDate "2019.09.18"]
[EventType "team-tourn"]
[EventCountry "CRO"]
[SourceTitle "playchess.com"]
[Source "ChessBase"]
[SourceQuality "1"]
[WhiteTeam "Finland"]
[BlackTeam "Germany"]
[WhiteTeamCountry "FIN"]
[BlackTeamCountry "GER"]
[TimeControl "40/5400+30:1800+30"]

1. Nf3 c5 2. c3 d5 3. d4 e6 4. Bf4 Nc6 5. e3 Nf6 6. Nbd2 Nh5 7. Be5 f6 8. Bg3 Nxg3 9. hxg3 Be7 10. Nh4 Kd7 11. Qh5 h6 12. Ng6 Rg8 13. Nxe7 Qxe7 14. dxc5 Qxc5 15. O-O-O Kc7 16. e4 Bd7 17. exd5 Qxd5 18. Nb3 Qxh5 19. Rxh5 b6 20. Bb5 Rad8 21. Rh4 Ne5 22. Bxd7 Rxd7 23. Rxd7+ Kxd7 24. Rd4+ Ke7 25. Kd2 Rd8 26. Rxd8 Kxd8 27. Nd4 Kd7 28. b4 a6 29. a4 Nc4+ 30. Kc2 Ne5 31. Kd2 Nc4+ 32. Kc2 Ne5 33. Kd2 1/2-1/2

[Event "ESTCC 65 2019"]
[Site "Mali Losinj"]
[Date "2019.09.24"]
[Round "7.24"]
[White "Thoele, Wolfgang"]
[Black "Ristoja, Aulikki"]
[Result "1/2-1/2"]
[ECO "B01"]
[WhiteElo "1865"]
[BlackElo "1558"]
[Annotator "NA"]
[PlyCount "67"]
[EventDate "2019.09.18"]
[EventType "team-tourn"]
[EventCountry "CRO"]
[SourceTitle "playchess.com"]
[Source "ChessBase"]
[SourceQuality "1"]
[WhiteTeam "Germany"]
[BlackTeam "Finland"]
[WhiteTeamCountry "GER"]
[BlackTeamCountry "FIN"]
[TimeControl "40/5400+30:1800+30"]

1. e4 d5 2. exd5 Qxd5 3. Nc3 Qa5 4. d4 c6 5. Nf3 Bg4 6. Bf4 Nf6 7. h3 Bxf3 8. Qxf3 Qb6 9. Qd3 e6 10. b3 Bb4 11. Bd2 Nbd7 12. a3 Be7 13. Be2 Qc7 14. O-O O-O 15. Qf3 Rfd8 16. Bd3 c5 17. dxc5 Nxc5 18. Rfd1 Nxd3 19. cxd3 a6 20. b4 b5 21. Rac1 Qd7 22. Be1 Rac8 23. Qe3 Nd5 24. Nxd5 Qxd5 25. Qa7 Qd6 26. Qb7 Rb8 27. Qe4 Qd5 28. Qxd5 Rxd5 29. Rc6 Ra8 30. Bc3 Rd6 31. Rxd6 Bxd6 32. Rc1 Rc8 33. Bb2 Rxc1+ 34. Bxc1 1/2-1/2

[Event "ESTCC 65 2019"]
[Site "Mali Losinj"]
[Date "2019.09.24"]
[Round "7.25"]
[White "Vadlja, Stjepan"]
[Black "Carlsten, Peter"]
[Result "0-1"]
[ECO "A85"]
[WhiteElo "1636"]
[BlackElo "1986"]
[Annotator "NA"]
[PlyCount "123"]
[EventDate "2019.09.18"]
[EventType "team-tourn"]
[EventCountry "CRO"]
[SourceTitle "playchess.com"]
[Source "ChessBase"]
[SourceQuality "1"]
[WhiteTeam "Croatia"]
[BlackTeam "Sweden"]
[WhiteTeamCountry "CRO"]
[BlackTeamCountry "SWE"]
[TimeControl "40/5400+30:1800+30"]

1. d4 f5 2. c4 Nf6 3. Nc3 g6 4. Nf3 Bg7 5. e3 O-O 6. Be2 d6 7. Qb3 e6 8. O-O Qe7 9. h3 c6 10. Bd3 Kh8 11. Bd2 e5 12. dxe5 dxe5 13. Nh2 Rd8 14. Qc2 Qd6 15. Qb3 Qxd3 16. Rad1 Qd6 17. Nf3 Qc7 18. c5 Qe7 19. Na4 Be6 20. Qc2 Nbd7 21. Ba5 Rf8 22. Bc7 Ne8 23. Bd6 Nxd6 24. cxd6 Qf6 25. b3 Rfd8 26. Rd2 Bd5 27. Rfd1 Qxd6 28. Nc3 Nf6 29. Ng5 Qe7 30. Nxd5 Nxd5 31. Nf3 Nb6 32. a4 Nd5 33. Qc4 Bf6 34. g3 Kg7 35. Kg2 Nb6 36. Qc2 Rxd2 37. Qxd2 Qe6 38. Qc2 Rd8 39. Re1 Qd5 40. e4 fxe4 41. Rxe4 Qd3 42. Qxd3 Rxd3 43. Nxe5 Rxb3 44. Ng4 Nd5 45. Re8 h5 46. Nh2 Kf7 47. Ra8 a6 48. a5 Rb5 49. Nf3 Rxa5 50. h4 Ra2 51. Ng5+ Bxg5 52. hxg5 a5 53. Ra7 Rb2 54. Rxa5 Ne3+ 55. Kf3 Ng4 56. Ra7 Rxf2+ 57. Ke4 Rb2 58. Kd4 Ke6 59. Ra8 Kf5 60. Kc3 Rb5 61. Rf8+ Kxg5 62. Rg8 0-1

[Event "ESTCC 65 2019"]
[Site "Mali Losinj"]
[Date "2019.09.24"]
[Round "7.27"]
[White "Novak, Stjepan"]
[Black "Dalling, Peter"]
[Result "0-1"]
[ECO "C55"]
[WhiteElo "1503"]
[BlackElo "1824"]
[Annotator "NA"]
[PlyCount "54"]
[EventDate "2019.09.18"]
[EventType "team-tourn"]
[EventCountry "CRO"]
[SourceTitle "playchess.com"]
[Source "ChessBase"]
[SourceQuality "1"]
[WhiteTeam "Croatia"]
[BlackTeam "Sweden"]
[WhiteTeamCountry "CRO"]
[BlackTeamCountry "SWE"]
[TimeControl "40/5400+30:1800+30"]

1. e4 e5 2. Nf3 Nf6 3. Bc4 Nc6 4. d3 Be7 5. Nc3 d6 6. a3 a5 7. O-O O-O 8. Bg5 Bg4 9. Bxf6 Bxf6 10. Nd5 Nd4 11. c3 Nxf3+ 12. gxf3 Bh3 13. Kh1 Bxf1 14. Qxf1 c6 15. Ne3 g6 16. Qh3 Bg7 17. Rg1 Kh8 18. Rg3 b5 19. Ba2 b4 20. Bc4 bxa3 21. bxa3 Rb8 22. Qf1 Rb2 23. Rh3 Qd7 24. Qg2 Rb1+ 25. Nf1 d5 26. exd5 cxd5 27. Bxd5 Qxd5 0-1

[Event "ESTCC 65 2019"]
[Site "Mali Losinj"]
[Date "2019.09.24"]
[Round "7.28"]
[White "Palsson, Bertil"]
[Black "Petanjek, Zvonko"]
[Result "1/2-1/2"]
[ECO "C50"]
[WhiteElo "1784"]
[BlackElo "1650"]
[Annotator "NA"]
[PlyCount "119"]
[EventDate "2019.09.18"]
[EventType "team-tourn"]
[EventCountry "CRO"]
[SourceTitle "playchess.com"]
[Source "ChessBase"]
[SourceQuality "1"]
[WhiteTeam "Sweden"]
[BlackTeam "Croatia"]
[WhiteTeamCountry "SWE"]
[BlackTeamCountry "CRO"]
[TimeControl "40/5400+30:1800+30"]

1. e4 e5 2. Nf3 Nc6 3. Bc4 h6 4. d4 exd4 5. O-O Bc5 6. e5 Nge7 7. Nbd2 O-O 8. Nb3 d6 9. Re1 Bg4 10. h3 Bxf3 11. Qxf3 Nxe5 12. Rxe5 dxe5 13. Nxc5 b6 14. Nd3 Ng6 15. Bd2 Kh8 16. Qg3 c5 17. Re1 Qf6 18. Nxe5 Nxe5 19. Qxe5 Qxe5 20. Rxe5 f6 21. Re7 Rfe8 22. Rxe8+ Rxe8 23. Kf1 g5 24. h4 Kg7 25. f4 gxh4 26. f5 h3 27. gxh3 Re7 28. Be6 Kh7 29. Kf2 a5 30. a4 Rg7 31. Bf4 h5 32. Kf1 Re7 33. Bd5 Rd7 34. Bf3 d3 35. cxd3 Rxd3 36. Bxh5 Rxh3 37. Bd1 Rh4 38. Bc7 Rb4 39. b3 Kh6 40. Bc2 c4 41. Bd6 cxb3 42. Bxb4 bxc2 43. Bd2+ Kh5 44. Ke2 Kg4 45. Kd3 Kxf5 46. Kxc2 Ke4 47. Kc3 Kd5 48. Be3 Kc6 49. Kc4 f5 50. Bf4 Kb7 51. Kb5 Ka7 52. Be3 Kb7 53. Bxb6 f4 54. Kxa5 f3 55. Be3 Ka8 56. Kb6 Kb8 57. a5 Ka8 58. a6 Kb8 59. a7+ Ka8 60. Bf2 1/2-1/2

[Event "ESTCC 65 2019"]
[Site "Mali Losinj"]
[Date "2019.09.24"]
[Round "7.29"]
[White "Singer, Hans"]
[Black "James, Kevin"]
[Result "1-0"]
[ECO "A25"]
[WhiteElo "2184"]
[BlackElo "1959"]
[Annotator "NA"]
[PlyCount "63"]
[EventDate "2019.09.18"]
[EventType "team-tourn"]
[EventCountry "CRO"]
[SourceTitle "playchess.com"]
[Source "ChessBase"]
[SourceQuality "1"]
[WhiteTeam "Austria"]
[BlackTeam "Ireland"]
[WhiteTeamCountry "AUT"]
[BlackTeamCountry "IRL"]
[TimeControl "40/5400+30:1800+30"]

1. c4 e5 2. Nc3 g6 3. g3 Bg7 4. Bg2 d6 5. b4 Nc6 6. Rb1 Nge7 7. b5 Nd4 8. e3 Ne6 9. Nge2 O-O 10. d3 c6 11. bxc6 bxc6 12. Ba3 Nc5 13. d4 Nb7 14. O-O Qc7 15. Qa4 f5 16. dxe5 Bxe5 17. f4 Bf6 18. e4 Nc5 19. Bxc5 dxc5 20. e5 Bg7 21. Qa3 Be6 22. Qxc5 Rac8 23. Rfd1 Rfd8 24. Rd6 Bf7 25. Rbd1 Be8 26. Nb5 cxb5 27. Qxc7 Rxc7 28. Rxd8 Kf7 29. cxb5 Bxb5 30. Nd4 Ba4 31. Rb1 g5 32. Rb4 1-0

[Event "ESTCC 65 2019"]
[Site "Mali Losinj"]
[Date "2019.09.24"]
[Round "7.30"]
[White "Lohan, Martin"]
[Black "Woeber, Friedrich"]
[Result "1/2-1/2"]
[ECO "A07"]
[WhiteElo "1796"]
[BlackElo "2126"]
[Annotator "NA"]
[PlyCount "86"]
[EventDate "2019.09.18"]
[EventType "team-tourn"]
[EventCountry "CRO"]
[SourceTitle "playchess.com"]
[Source "ChessBase"]
[SourceQuality "1"]
[WhiteTeam "Ireland"]
[BlackTeam "Austria"]
[WhiteTeamCountry "IRL"]
[BlackTeamCountry "AUT"]
[TimeControl "40/5400+30:1800+30"]

1. Nf3 Nf6 2. g3 d5 3. Bg2 c6 4. O-O g6 5. d3 Bg7 6. Nbd2 Nbd7 7. e4 dxe4 8. Nxe4 O-O 9. Rb1 Qa5 10. a3 Nxe4 11. dxe4 Nf6 12. Re1 Bg4 13. h3 Bxf3 14. Bxf3 Rad8 15. Qe2 Nd7 16. Bg2 Qc7 17. Kh1 e5 18. b4 b5 19. Be3 Nb6 20. Bc5 Rfe8 21. Red1 Na4 22. Rxd8 Rxd8 23. Qe3 Nxc5 24. Qxc5 Bf8 25. Qe3 c5 26. c3 a5 27. Bf1 axb4 28. axb4 c4 29. Be2 Rd7 30. Rd1 Rxd1+ 31. Bxd1 Qd6 32. Be2 h5 33. Qc1 Kh7 34. g4 Qf6 35. gxh5 Qxf2 36. hxg6+ fxg6 37. Bg4 Bh6 38. Qg1 Qc2 39. Qa7+ Bg7 40. Qe3 Qb1+ 41. Kg2 Bh6 42. Qa7+ Bg7 43. Qe3 Qa2+ 1/2-1/2

[Event "ESTCC 65 2019"]
[Site "Mali Losinj"]
[Date "2019.09.24"]
[Round "7.31"]
[White "Titz, Heimo"]
[Black "Egan, Colm"]
[Result "1/2-1/2"]
[ECO "A99"]
[WhiteElo "1971"]
[BlackElo "1710"]
[Annotator "NA"]
[PlyCount "132"]
[EventDate "2019.09.18"]
[EventType "team-tourn"]
[EventCountry "CRO"]
[SourceTitle "playchess.com"]
[Source "ChessBase"]
[SourceQuality "1"]
[WhiteTeam "Austria"]
[BlackTeam "Ireland"]
[WhiteTeamCountry "AUT"]
[BlackTeamCountry "IRL"]
[TimeControl "40/5400+30:1800+30"]

1. c4 d6 2. d4 f5 3. Nf3 e6 4. Nc3 Nf6 5. g3 Be7 6. Bg2 O-O 7. O-O Qe8 8. b3 Ne4 9. Bb2 Bf6 10. Ne1 Nxc3 11. Bxc3 e5 12. dxe5 Bxe5 13. Bxe5 dxe5 14. Nc2 Kh8 15. Ne3 c6 16. Qd2 Nd7 17. Nd1 Nf6 18. Nc3 Be6 19. Rad1 Bg8 20. h3 Qg6 21. Kh2 Rae8 22. e3 e4 23. Ne2 Qh6 24. Kg1 g5 25. Qc3 Qg7 26. Rd6 Be6 27. Rfd1 Bc8 28. Qa5 b6 29. Qc3 c5 30. R1d2 Kg8 31. Qa1 Bb7 32. Qd1 Qe7 33. Rd7 Nxd7 34. Rxd7 Rd8 35. Rd2 Rxd2 36. Qxd2 Rd8 37. Qc2 Qd7 38. Qc3 Qg7 39. Qc2 Qa1+ 40. Kh2 Rd3 41. Nc1 Rc3 42. Qd2 Rxc1 43. Qd8+ Kf7 44. Qc7+ Kg6 45. Qxb7 Qg7 46. Qc6+ Qf6 47. Qe8+ Kg7 48. Qd7+ Qf7 49. Qd8 h6 50. Qd2 Ra1 51. a4 Kh7 52. Qd6 Rb1 53. g4 Rxb3 54. gxf5 Qxf5 55. Qe7+ Kg8 56. Qe8+ Kg7 57. Qe7+ Kg8 58. Qe8+ Kg7 59. Qe7+ Kg8 60. Qe8+ Kg7 61. Qe7+ Qf7 62. Qe5+ Qf6 63. Qc7+ Qf7 64. Qe5+ Qf6 65. Qc7+ Qf7 66. Qe5+ Qf6 1/2-1/2

[Event "ESTCC 65 2019"]
[Site "Mali Losinj"]
[Date "2019.09.24"]
[Round "7.32"]
[White "Durkan, Joe"]
[Black "Strobel, Ferdinand"]
[Result "0-1"]
[ECO "B07"]
[WhiteElo "1459"]
[BlackElo "1956"]
[Annotator "NA"]
[PlyCount "64"]
[EventDate "2019.09.18"]
[EventType "team-tourn"]
[EventCountry "CRO"]
[SourceTitle "playchess.com"]
[Source "ChessBase"]
[SourceQuality "1"]
[WhiteTeam "Ireland"]
[BlackTeam "Austria"]
[WhiteTeamCountry "IRL"]
[BlackTeamCountry "AUT"]
[TimeControl "40/5400+30:1800+30"]

1. e4 d6 2. d4 Nf6 3. Nc3 g6 4. g3 Bg7 5. Bg2 O-O 6. Nge2 c6 7. O-O Qa5 8. Bd2 e5 9. Nd5 Qd8 10. Nxf6+ Bxf6 11. dxe5 dxe5 12. Qc1 Na6 13. a3 Be6 14. Rd1 Qe7 15. Bb4 Nxb4 16. axb4 Qxb4 17. Nc3 b5 18. Ra6 Rfc8 19. Nd5 cxd5 20. exd5 Bg4 21. f3 Bf5 22. Rxf6 Rxc2 23. Qa1 Qc5+ 24. Kh1 Qf2 25. Rg1 Bh3 26. Qf1 Qd2 27. Rc6 Rxb2 28. Rc1 Rd8 29. Rd1 Bxg2+ 30. Rxg2 Qxg2+ 31. Qxg2 Rxg2 32. Kxg2 Rd6 0-1

[Event "ESTCC 65 2019"]
[Site "Mali Losinj"]
[Date "2019.09.25"]
[Round "8.1"]
[White "Quinn, John M"]
[Black "Balashov, Yuri S"]
[Result "1-0"]
[ECO "D63"]
[WhiteElo "2105"]
[BlackElo "2466"]
[Annotator "ChessBase"]
[PlyCount "87"]
[EventDate "2019.09.18"]
[EventType "team-tourn"]
[EventCountry "CRO"]
[SourceTitle "playchess.com"]
[Source "ChessBase"]
[SourceQuality "1"]
[WhiteTeam "England"]
[BlackTeam "Russia"]
[WhiteTeamCountry "ENG"]
[BlackTeamCountry "RUS"]
[TimeControl "40/5400+30:1800+30"]

1. d4 Nf6 2. c4 e6 3. Nf3 d5 4. Nc3 Nbd7 5. Bg5 Be7 6. e3 O-O 7. Rc1 a6 8. cxd5 exd5 9. Bd3 c6 10. O-O Re8 11. a3 Nf8 12. Ne5 N6d7 13. Bf4 Bf6 14. Nxd7 Bxd7 15. Na4 Ne6 16. Bg3 g6 17. b4 b5 18. Nc5 Nxc5 19. bxc5 a5 20. Re1 Be6 21. Bd6 Bg7 22. Rc2 Qd7 23. f3 Bf5 24. g4 Bxd3 25. Qxd3 a4 26. Rg2 Re6 27. e4 dxe4 28. fxe4 Rxd6 29. cxd6 Qxd6 30. e5 Qd5 31. Qe4 Rd8 32. Qxd5 Rxd5 33. Re4 Bf8 34. Ra2 c5 35. dxc5 Bxc5+ 36. Kf1 Kf8 37. e6 f6 38. h4 Ke7 39. h5 gxh5 40. gxh5 Rf5+ 41. Kg2 Rxh5 42. Rd2 Bd6 43. Rxd6 Rg5+ 44. Kf3 1-0

[Event "ESTCC 65 2019"]
[Site "Mali Losinj"]
[Date "2019.09.25"]
[Round "8.3"]
[White "Reuben, Stewart"]
[Black "Zhelnin, Vladimir V"]
[Result "0-1"]
[ECO "E68"]
[WhiteElo "1983"]
[BlackElo "2406"]
[Annotator "NA"]
[PlyCount "80"]
[EventDate "2019.09.18"]
[EventType "team-tourn"]
[EventCountry "CRO"]
[SourceTitle "playchess.com"]
[Source "ChessBase"]
[SourceQuality "1"]
[WhiteTeam "England"]
[BlackTeam "Russia"]
[WhiteTeamCountry "ENG"]
[BlackTeamCountry "RUS"]
[TimeControl "40/5400+30:1800+30"]

1. d4 g6 2. c4 Bg7 3. Nc3 d6 4. g3 Nf6 5. Bg2 O-O 6. e4 Nbd7 7. Nge2 e5 8. O-O c6 9. b3 exd4 10. Nxd4 Re8 11. Be3 Nc5 12. f3 a5 13. Qc2 Nfd7 14. Rad1 Qe7 15. Bf2 Ne5 16. h3 a4 17. f4 axb3 18. axb3 Ned7 19. Ra1 Rxa1 20. Rxa1 Nf6 21. Re1 Qc7 22. b4 Ne6 23. Nb3 h5 24. f5 Nf8 25. Bf3 N8d7 26. Be2 Ne5 27. Bd4 gxf5 28. Kg2 fxe4 29. Nxe4 Nxe4 30. Qxe4 Qd7 31. Qh4 c5 32. Bc3 Ng6 33. Qxh5 Bxc3 34. Rd1 cxb4 35. Bd3 Re5 36. Qh6 Qe6 37. Rf1 Bd7 38. g4 Bc6+ 39. Kg1 Re1 40. Nd2 Bd4+ 0-1

[Event "ESTCC 65 2019"]
[Site "Mali Losinj"]
[Date "2019.09.25"]
[Round "8.4"]
[White "Pushkov, Nikolai"]
[Black "Ewart, Brian R"]
[Result "1-0"]
[ECO "B31"]
[WhiteElo "2261"]
[BlackElo "1882"]
[Annotator "NA"]
[PlyCount "73"]
[EventDate "2019.09.18"]
[EventType "team-tourn"]
[EventCountry "CRO"]
[SourceTitle "playchess.com"]
[Source "ChessBase"]
[SourceQuality "1"]
[WhiteTeam "Russia"]
[BlackTeam "England"]
[WhiteTeamCountry "RUS"]
[BlackTeamCountry "ENG"]
[TimeControl "40/5400+30:1800+30"]

1. d4 Nf6 2. Nf3 g6 3. c4 Bg7 4. Nc3 O-O 5. e4 d6 6. Be2 e5 7. Be3 Nc6 8. d5 Ne7 9. Nd2 c6 10. O-O cxd5 11. cxd5 a6 12. b4 Nd7 13. Nc4 Qc7 14. Rc1 b5 15. Na5 Qb8 16. a4 bxa4 17. Nc6 Nxc6 18. dxc6 Nf6 19. Qxa4 Be6 20. Rfd1 Qc7 21. Nd5 Bxd5 22. exd5 Rfb8 23. h3 h5 24. Bxa6 Kh7 25. b5 Bh6 26. Bxh6 Kxh6 27. Qa3 Ne8 28. Qe3+ Kh7 29. Ra1 Rb6 30. f4 f6 31. fxe5 fxe5 32. Rf1 Rab8 33. Qf2 Qg7 34. Qf8 Qxf8 35. Rxf8 Kh6 36. Rf7 Rxa6 37. bxa6 1-0

[Event "ESTCC 65 2019"]
[Site "Mali Losinj"]
[Date "2019.09.25"]
[Round "8.5"]
[White "Beilfuss, Wilfried"]
[Black "Rantanen, Yrjo A."]
[Result "0-1"]
[ECO "D34"]
[WhiteElo "2192"]
[BlackElo "2309"]
[Annotator "NA"]
[PlyCount "84"]
[EventDate "2019.09.18"]
[EventType "team-tourn"]
[EventCountry "CRO"]
[SourceTitle "playchess.com"]
[Source "ChessBase"]
[SourceQuality "1"]
[WhiteTeam "Germany"]
[BlackTeam "Finland"]
[WhiteTeamCountry "GER"]
[BlackTeamCountry "FIN"]
[TimeControl "40/5400+30:1800+30"]

1. Nf3 c5 2. c4 Nf6 3. Nc3 e6 4. g3 d5 5. cxd5 exd5 6. d4 Nc6 7. Bg2 Be7 8. O-O O-O 9. b3 Ne4 10. Bb2 Bf6 11. Na4 cxd4 12. Nxd4 Bxd4 13. Bxd4 Bf5 14. Rc1 Re8 15. e3 Qe7 16. Nc3 Rad8 17. Ne2 Qa3 18. Ra1 Ng5 19. h4 Ne6 20. Qd2 Qa6 21. Bf3 Be4 22. Kg2 Nexd4 23. Nxd4 Nxd4 24. exd4 Bxf3+ 25. Kxf3 Re4 26. Rad1 h6 27. Rfe1 Qg6 28. Rh1 Rde8 29. Kg2 Re2 30. Qf4 Rxa2 31. Rhe1 Re4 32. Rxe4 Qxe4+ 33. Qxe4 dxe4 34. Re1 f5 35. g4 Rd2 36. gxf5 Rxd4 37. Rc1 Rb4 38. Rc3 Kf7 39. Kg3 Kf6 40. Kf4 e3+ 41. Kxe3 Rxh4 42. Kd2 Rb4 0-1

[Event "ESTCC 65 2019"]
[Site "Mali Losinj"]
[Date "2019.09.25"]
[Round "8.6"]
[White "Westerinen, Heikki M.J."]
[Black "Becker, Norbert"]
[Result "1-0"]
[ECO "B23"]
[WhiteElo "2296"]
[BlackElo "2131"]
[Annotator "NA"]
[PlyCount "59"]
[EventDate "2019.09.18"]
[EventType "team-tourn"]
[EventCountry "CRO"]
[SourceTitle "playchess.com"]
[Source "ChessBase"]
[SourceQuality "1"]
[WhiteTeam "Finland"]
[BlackTeam "Germany"]
[WhiteTeamCountry "FIN"]
[BlackTeamCountry "GER"]
[TimeControl "40/5400+30:1800+30"]

1. e4 c5 2. Nc3 g6 3. f4 Bg7 4. Nf3 d6 5. Bb5+ Bd7 6. a4 Nc6 7. O-O Nf6 8. d3 O-O 9. h3 Ne8 10. Bd2 Nc7 11. Bc4 Nd4 12. Nxd4 Bxd4+ 13. Kh1 Bc6 14. f5 d5 15. exd5 Nxd5 16. Qg4 Nf6 17. Qh4 Nh5 18. Bh6 Qd6 19. Ne2 Bg7 20. Bxg7 Kxg7 21. Nf4 Nxf4 22. Rxf4 Qf6 23. Qf2 g5 24. Rg4 Kh8 25. Qxc5 Qxb2 26. Re1 Qxc2 27. Rxe7 Qb1+ 28. Kh2 f6 29. Rxg5 Qf1 30. Rxh7+ 1-0

[Event "ESTCC 65 2019"]
[Site "Mali Losinj"]
[Date "2019.09.25"]
[Round "8.7"]
[White "Mueller, Gerhard"]
[Black "Kivimaki, Jaakko"]
[Result "1/2-1/2"]
[ECO "C28"]
[WhiteElo "2104"]
[BlackElo "2195"]
[Annotator "NA"]
[PlyCount "66"]
[EventDate "2019.09.18"]
[EventType "team-tourn"]
[EventCountry "CRO"]
[SourceTitle "playchess.com"]
[Source "ChessBase"]
[SourceQuality "1"]
[WhiteTeam "Germany"]
[BlackTeam "Finland"]
[WhiteTeamCountry "GER"]
[BlackTeamCountry "FIN"]
[TimeControl "40/5400+30:1800+30"]

1. e4 e5 2. Bc4 Nc6 3. d3 Nf6 4. Nc3 Na5 5. Nf3 Nxc4 6. dxc4 d6 7. O-O Be7 8. Qd3 Bg4 9. h3 Bh5 10. Ne2 Qd7 11. Ng3 Bg6 12. Be3 h5 13. Nh4 Bh7 14. Nhf5 Bf8 15. a4 h4 16. Nxh4 Bxe4 17. Nxe4 Rxh4 18. Ng3 Qe6 19. b3 g6 20. Bg5 Rh8 21. Qf3 Nh7 22. Qxb7 Rc8 23. Be3 f5 24. Bxa7 Ng5 25. Qc6+ Ke7 26. Qd5 Qd7 27. f4 c6 28. Qa5 Ra8 29. fxg5 Rxa7 30. Qd2 Bg7 31. Rad1 Qe6 32. Qf2 Rb7 33. Rfe1 Kf7 1/2-1/2

[Event "ESTCC 65 2019"]
[Site "Mali Losinj"]
[Date "2019.09.25"]
[Round "8.9"]
[White "Carlsten, Peter"]
[Black "Werner, Clemens"]
[Result "0-1"]
[ECO "B12"]
[WhiteElo "1986"]
[BlackElo "2286"]
[Annotator "NA"]
[PlyCount "60"]
[EventDate "2019.09.18"]
[EventType "team-tourn"]
[EventCountry "CRO"]
[SourceTitle "playchess.com"]
[Source "ChessBase"]
[SourceQuality "1"]
[WhiteTeam "Sweden"]
[BlackTeam "Germany"]
[WhiteTeamCountry "SWE"]
[BlackTeamCountry "GER"]
[TimeControl "40/5400+30:1800+30"]

1. e4 c6 2. d4 d5 3. f3 e6 4. Nc3 Bb4 5. Bf4 Nf6 6. e5 Nfd7 7. Nge2 O-O 8. a3 Be7 9. Na2 f6 10. exf6 Bxf6 11. Qd2 Re8 12. O-O-O c5 13. c3 Nc6 14. Kb1 Qb6 15. Be3 c4 16. g4 Na5 17. Nac1 Be7 18. Ka1 Qb5 19. Qc2 Nb6 20. h4 Bd7 21. Rd2 Nb3+ 22. Nxb3 cxb3 23. Qc1 Rac8 24. Nf4 Qa5 25. g5 Bxa3 26. bxa3 Rxc3 27. Qe1 Qxa3+ 28. Kb1 Rc2 29. Rxc2 bxc2+ 30. Kxc2 Rc8+ 0-1

[Event "ESTCC 65 2019"]
[Site "Mali Losinj"]
[Date "2019.09.25"]
[Round "8.10"]
[White "Kierzek, Matthias"]
[Black "Ahlstrom, Per"]
[Result "1-0"]
[ECO "E73"]
[WhiteElo "2186"]
[BlackElo "1838"]
[Annotator "NA"]
[PlyCount "97"]
[EventDate "2019.09.18"]
[EventType "team-tourn"]
[EventCountry "CRO"]
[SourceTitle "playchess.com"]
[Source "ChessBase"]
[SourceQuality "1"]
[WhiteTeam "Germany"]
[BlackTeam "Sweden"]
[WhiteTeamCountry "GER"]
[BlackTeamCountry "SWE"]
[TimeControl "40/5400+30:1800+30"]

1. d4 Nf6 2. c4 g6 3. Nc3 Bg7 4. e4 d6 5. Be2 c6 6. Bg5 a6 7. Nf3 b5 8. cxb5 axb5 9. a3 O-O 10. O-O h6 11. Bf4 d5 12. e5 Nh7 13. h4 Bg4 14. Qd2 Bxf3 15. Bxf3 h5 16. Rfe1 e6 17. g3 Nd7 18. b3 Qe7 19. a4 b4 20. Na2 c5 21. dxc5 Nxc5 22. Rab1 Na6 23. Be2 Rfb8 24. Bxa6 Rxa6 25. Rbc1 Bf8 26. Rc2 Qd7 27. Qd4 Qa7 28. Qxa7 Rxa7 29. Nc1 Be7 30. Nd3 g5 31. hxg5 Bxg5 32. Rec1 Raa8 33. Kg2 Kg7 34. Bxg5 Nxg5 35. Nf4 h4 36. gxh4 Ne4 37. Rc7 Nc3 38. Nxe6+ Kg6 39. Nf4+ Kf5 40. Rxf7+ Kxe5 41. Re1+ Kd4 42. Re3 Rg8+ 43. Kf3 Kc5 44. Nd3+ Kd6 45. Rf6+ Kd7 46. Nxb4 Rgf8 47. Rxf8 Rxf8+ 48. Kg2 Nd1 49. Rf3 1-0

[Event "ESTCC 65 2019"]
[Site "Mali Losinj"]
[Date "2019.09.25"]
[Round "8.11"]
[White "Dalling, Peter"]
[Black "Herbrechtsmeier, Christof"]
[Result "0-1"]
[ECO "B22"]
[WhiteElo "1824"]
[BlackElo "2210"]
[Annotator "NA"]
[PlyCount "84"]
[EventDate "2019.09.18"]
[EventType "team-tourn"]
[EventCountry "CRO"]
[SourceTitle "playchess.com"]
[Source "ChessBase"]
[SourceQuality "1"]
[WhiteTeam "Sweden"]
[BlackTeam "Germany"]
[WhiteTeamCountry "SWE"]
[BlackTeamCountry "GER"]
[TimeControl "40/5400+30:1800+30"]

1. e4 d5 2. e5 c5 3. d4 Nc6 4. c3 cxd4 5. cxd4 Bf5 6. a3 e6 7. Nf3 h6 8. Nc3 a6 9. Be2 g5 10. Be3 Nge7 11. Rc1 Bg6 12. O-O Nf5 13. b4 Be7 14. Na4 O-O 15. Nc5 Bxc5 16. bxc5 f6 17. Qb3 g4 18. Nd2 Nfxd4 19. Qd1 Nxe2+ 20. Qxe2 Nxe5 21. Bxh6 Bd3 22. Qe3 Bxf1 23. Bxf8 Qxf8 24. Rxf1 Rc8 25. Nb3 Qg7 26. Nd4 Re8 27. Rb1 Re7 28. Qb3 Kh7 29. Qb6 Nf3+ 30. gxf3 gxf3+ 31. Kf1 Qg2+ 32. Ke1 Qg1+ 33. Kd2 Qxf2+ 34. Kd3 Qh4 35. Qd6 Qe4+ 36. Kc3 Qe3+ 37. Kc2 Rg7 38. Rd1 e5 39. Rd3 Rg2+ 40. Kc3 exd4+ 41. Kb4 Qxd3 42. Qd7+ Kh6 0-1

[Event "ESTCC 65 2019"]
[Site "Mali Losinj"]
[Date "2019.09.25"]
[Round "8.12"]
[White "Kiefer, Gerhard"]
[Black "Palsson, Bertil"]
[Result "1-0"]
[ECO "C74"]
[WhiteElo "2227"]
[BlackElo "1784"]
[Annotator "NA"]
[PlyCount "63"]
[EventDate "2019.09.18"]
[EventType "team-tourn"]
[EventCountry "CRO"]
[SourceTitle "playchess.com"]
[Source "ChessBase"]
[SourceQuality "1"]
[WhiteTeam "Germany"]
[BlackTeam "Sweden"]
[WhiteTeamCountry "GER"]
[BlackTeamCountry "SWE"]
[TimeControl "40/5400+30:1800+30"]

1. e4 e5 2. Nf3 Nc6 3. Bb5 a6 4. Ba4 d6 5. c3 b5 6. Bb3 Na5 7. Bc2 Bg4 8. h3 Bh5 9. d4 exd4 10. cxd4 Be7 11. a4 b4 12. O-O Nf6 13. Re1 O-O 14. Nbd2 Re8 15. Nf1 h6 16. Ng3 Bg6 17. Nh4 Bh7 18. Nhf5 Bf8 19. Qf3 c6 20. b3 Nb7 21. Bb2 a5 22. Rad1 Qc7 23. Nxh6+ gxh6 24. Qxf6 Bg7 25. Qf4 Rad8 26. Nh5 f5 27. Nxg7 Qxg7 28. Rd3 fxe4 29. Rg3 Bg6 30. Rxe4 Rf8 31. Qg4 Rf6 32. d5 1-0